Map: 国王藏宝地-天梯版

Players

Harstem

  • Race: Protoss Protoss

Neeb - Winner!

  • Race: Protoss Protoss

Event: WESG 2018 Grand Finals

VOD

Have the link to the VOD?

Description

Time

  • Played on: March 11, 2019, 7:59 a.m.
  • Length: 8:28

All games in this series

Show
View Real Time Build Order
Export as new Build Order

Harstem Protoss 

Build Orders: Phoenix Opening 

Get SALT Encoding   

  12  0:00  Probe  
  13  0:13  Probe  
  14  0:18  Pylon  
  14  0:24  Probe  
  15  0:32  Probe  
  15  0:38  Gateway  
  15  0:40  Probe  
  17  0:50  Probe  
  17  0:53  Assimilator  
  18  0:57  Assimilator  
  18  0:58  Probe  
  19  1:07  Probe  
  19  1:10  Gateway  
  20  1:18  Probe  
  20  1:25  Cybernetics Core  
  21  1:32  Pylon  
  21  1:35  Probe  
  22  1:47  Probe  
  22  1:51  Warp Gate  
  23  1:59  Probe  
  23  2:01  Stalker, Sentry  
  28  2:05  Pylon  
  28  2:27  Pylon  
  28  2:28  Sentry  
  30  2:39  Sentry  
  32  2:47  Probe  
  32  2:49  Nexus  
  33  2:56  Stalker  
  35  3:00  Pylon  
  35  3:05  Stalker  
  37  3:08  Probe  
  38  3:19  Shield Battery  
  38  3:20  Probe  
  39  3:35  Gateway  
  39  3:38  Probe  
  39  3:40  Phoenix  
  39  3:41  Stalker  
  42  3:43  Sentry  
  42  3:44  Pylon  
  43  3:56  Probe  
  43  4:02  Robotics Facility  
  44  4:17  Zealot  
  44  4:18  Sentry  
  44  4:19  Probe  
  44  4:20  Probe  
  48  4:30  Zealot  
  46  4:40  Immortal  
  46  4:42  Stalker x2  
  40  4:54  Probe  
  39  5:06  Probe  
  40  5:08  Zealot  
  40  5:12  Zealot  
  44  5:16  Observer  
  43  5:24  Probe  
  43  5:28  Probe  
  46  5:30  Sentry, Zealot  
  50  5:40  Probe  
  51  5:45  Stalker  
  53  5:53  Probe  
  54  5:59  Stalker x2  
  56  6:09  Probe  
  50  6:19  Zealot  
  50  6:24  Probe  
  43  6:28  Stalker  
  35  6:35  Sentry  
  33  6:40  Immortal  
  33  6:41  Zealot  
  38  6:54  Probe  
  38  6:59  Zealot  
  41  7:06  Stalker  
  43  7:13  Zealot  
  45  7:16  Probe  
  46  7:25  Zealot  
  40  7:35  Immortal  
  38  7:37  Stalker  
  38  7:49  Sentry  
  43  7:59  Zealot  
  34  8:10  Zealot  
Show
View Real Time Build Order
Export as new Build Order

Neeb Protoss - Winner!

Build Orders:  

Get SALT Encoding   

  12  0:00  Probe  
  13  0:12  Probe  
  14  0:18  Pylon  
  14  0:24  Probe  
  15  0:32  Probe  
  15  0:38  Gateway  
  15  0:40  Probe  
  16  0:47  Assimilator  
  17  0:51  Probe  
  17  0:55  Assimilator  
  18  0:59  Probe  
  19  1:07  Probe  
  19  1:09  Gateway  
  19  1:18  Probe  
  21  1:26  Cybernetics Core  
  21  1:30  Probe  
  22  1:38  Pylon  
  22  1:43  Probe  
  23  1:56  Probe  
  24  2:02  Adept x2, Warp Gate  
  28  2:16  Robotics Facility  
  28  2:22  Pylon  
  28  2:32  Stalker  
  30  2:40  Pylon  
  30  2:47  Gateway  
  30  2:58  Stalker, Pylon  
  32  3:03  Immortal  
  32  3:07  Sentry  
  38  3:25  Shield Battery  
  38  3:35  Warp Prism  
  40  3:58  Stalker, Sentry x2  
  42  4:06  Pylon  
  38  4:30  Sentry  
  38  4:31  Stalker x2  
  44  4:41  Immortal  
  38  5:05  Sentry  
  38  5:06  Zealot x2  
  42  5:13  Immortal  
  42  5:44  Adept x2  
  42  5:45  Adept  
  42  5:48  Pylon  
  42  6:21  Stalker x3  
  48  6:26  Warp Prism  
  32  6:48  Stalker x3  
  38  6:59  Immortal  
  42  7:15  Sentry  
  42  7:16  Zealot x2  
  46  7:42  Adept x3  
  54  8:12  Zealot  
  54  8:13  Zealot x2  
Tags
 
Add a new tag
Caveats
  • Supply blocks, unpowered buildings, or Contaminate may cause inaccurate times.
  • Supply counts are checked every 10 seconds.